 Dungeon Crawl Stone Soup version 0.23.2-40-g277498a001 (webtiles) character file.

Game seed: 16338938593939326927

26 Curus the Poker (level 3, 0/27 HPs)
             Began as a Merfolk Gladiator on Sept 26, 2019.
             Slain by a ball python (1 damage)
             ... on level 2 of the Dungeon.
             The game lasted 00:05:08 (1090 turns).

Curus the Poker (Merfolk Gladiator)                 Turns: 1090, Time: 00:05:08

Health: 0/27       AC:  2    Str: 13 (14) XL:     3   Next: 8%
Magic:  3/3        EV: 10    Int:  4 (7)  God:
Gold:   134        SH:  0    Dex: 13 (14) Spells: 2/2 levels left

rFire    + . .     SeeInvis +   a - +0 trident
rCold    . . .     Gourm    .   (no shield)
rNeg     . . .     Faith    .   b - +0 leather armour
rPois    .         Spirit   .   c - +0 helmet
rElec    .         Reflect  .   (no cloak)
rCorr    .         Harm     .   (no gloves)
MR       .....                  (no boots)
Stlth    ++........             (no amulet)
HPRegen  0.09/turn              e - ring of see invisible
MPRegen  0.08/turn              g - ring of stealth

@: constricted
A: change form in water, swift swim, stealthy swim, clumsy 1, deformed body,
fire resistance 1
a: no special abilities


You were on level 2 of the Dungeon.
You were hungry.

You visited 1 branch of the dungeon, and saw 2 of its levels.

You collected 134 gold pieces.

Inventory:

Hand Weapons
 a - a +0 trident (weapon)
Missiles
 d - 3 throwing nets (quivered)
Armour
 b - a +0 leather armour (worn)
 c - a +0 helmet (worn)
Jewellery
 e - a ring of see invisible (left hand)
 g - a ring of stealth (right hand)
Scrolls
 h - a scroll of identify
 i - a scroll of remove curse
Comestibles
 f - 4 rations


   Skills:
 - Level 2.1 Fighting
 + Level 6.1 Polearms
 - Level 2.0 Throwing
 - Level 4.0 Dodging


You had 2 spell levels left.
You didn't know any spells.
Your spell library was empty.

Dungeon Overview and Level Annotations

Branches:
Dungeon (2/15)

Altars:

Annotations:
D:2 Robin


Innate Abilities, Weirdness & Mutations

You revert to your normal form in water You are very nimble and swift while swimming.
You are very stealthy in the water. (Stealth+)
You are clumsy. (Dex -2)
Armour fits poorly on your strangely shaped body.
Your flesh is heat resistant. (rF+)


Message History

The goblin shoots a stone.
The stone hits you.
You closely miss the goblin.
You are feeling hungry.
The goblin hits you but does no damage.
You are electrocuted!
The goblin hits you with a +0 dagger. The ball python completely misses you.
The ball python grabs you.
You stop ascending the stairs.
The ball python constricts you. Robin throws the goblin at you!
The goblin closely misses you. The goblin completely misses you.
You barely miss the ball python. The goblin hits you with a +0 dagger.
* * * LOW HITPOINT WARNING * * *
The ball python closely misses you.
* * * LOW HITPOINT WARNING * * *
The ball python constricts you. The goblin hits you.
* * * LOW HITPOINT WARNING * * *
The goblin hits you with a +0 dagger.
* * * LOW HITPOINT WARNING * * *
The goblin hits you but does no damage.
Unknown command.
You closely miss the ball python. The ball python barely misses you.
You die...

###########
#.<..gg@gg#
#....gggS.#
#....gSgg.#
#..?.gg...#
#...%..$..#
#.........#
..........#
..........#


You could see Robin, an adder, 11 goblins and a ball python.

Vanquished Creatures
  An adder (D:2)
  A worm (D:2)
  A dart slug (D:1)
  A bat (D:1)
  2 hobgoblins
  3 kobolds (D:1)
  A goblin (D:2)
  4 rats (D:1)
14 creatures vanquished.

Notes
Turn   | Place    | Note
-------+----------+-------------------------------------------
     0 | D:1      | Curus the Merfolk Gladiator began the quest for the Orb.
     0 | D:1      | Reached XP level 1. HP: 16/16 MP: 1/1
    55 | D:1      | Gained mutation: Armour fits poorly on your strangely
                  | shaped body. [potion of mutation]
    55 | D:1      | Gained mutation: You are clumsy. (Dex -2) [potion of
                  | mutation]
    55 | D:1      | Gained mutation: Your flesh is heat resistant. (rF+)
                  | [potion of mutation]
   100 | D:1      | Reached skill level 5 in Polearms
   121 | D:1      | Reached XP level 2. HP: 22/22 MP: 2/2
   239 | D:1      | You fall through a shaft!
   269 | D:2      | Reached skill level 6 in Polearms
   269 | D:2      | Reached XP level 3. HP: 6/27 MP: 3/3
  1084 | D:2      | Noticed Robin
  1089 | D:2      | HP: 1/27 [goblin/+0 dagger[Robin] (2)]
  1090 | D:2      | Slain by a ball python

Skill      XL: |  1  2 |
---------------+-------+-----
Polearms       | 5 6 |  6.1
Fighting       | |  2.1
Throwing       | |  2.0
Dodging        | |  4.0

Action                   || total
-------------------------++-------
Melee: Trident           ||    60
Throw: Throwing net      ||     1
  Use: Potion            ||     5
       Scroll            ||     2
 Stab: Invisible         ||     3
Armor: Leather armour    ||    13
Dodge: Dodged            ||    35
